 Dungeon Crawl Stone Soup version 0.31-a0-1074-g0b22e4e0f1 (webtiles) character file.

Game seed: 4093857076174395109

52 DApurpleWHUMPUS the Caller (level 3, -1/19 HPs)
             Began as a Deep Elf Summoner on Dec 8, 2023.
             Slain by a gnoll
             ... wielding a +0 club
              (6 damage)
             ... on level 2 of the Dungeon.
             The game lasted 00:02:09 (1345 turns).

DApurpleWHUMPUS the Caller (Deep Elf Summoner)      Turns: 1345, Time: 00:02:09

Health: -1/19      AC:  4    Str:  5    XL:     3   Next: 60%
Magic:  9/11       EV: 12    Int: 21    God:
Gold:   68         SH:  0    Dex: 15    Spells: 10/11 levels left

rFire   . . .        d - +0 spear
rCold   . . .        (no shield)
rNeg    . . .        a - +0 robe
rPois   .            g - +0 helmet
rElec   .            (no cloak)
rCorr   .            j - +0 pair of gloves
SInv    .            (no boots)
Will    .....        (no amulet)
Stlth   ++           (no ring)
HPRegen 0.23/turn    (no ring)
MPRegen 0.12/turn

%: no passive effects
@: no status effects
A: no striking features
a: no special abilities


You were on level 2 of the Dungeon.
You visited 1 branch of the dungeon, and saw 2 of its levels.

You collected 68 gold pieces.

Inventory:

Hand Weapons
 d - a +0 spear (weapon)
Armour
 a - a +0 robe (worn)
 g - a +0 helmet (worn)
 j - a +0 pair of gloves (worn)
Jewellery
 f - an amulet of faith
Scrolls
 c - 2 scrolls of identify {unknown}
 e - 2 scrolls of blinking {unknown}
 m - a scroll of amnesia {unknown}
 o - a scroll of noise {unknown}
 q - a scroll of revelation {unknown}
Potions
 b - a potion of magic
 h - a potion of enlightenment {unknown}
 i - a potion of ambrosia {unknown}
 k - a potion of curing {unknown}
 l - a potion of haste {unknown}
 n - a potion of degeneration {unknown}
 p - a potion of cancellation {unknown}


   Skills:
 - Level 2.4 Dodging
 - Level 2.4 Stealth
 * Level 4.9 Spellcasting
 + Level 4.9 Summonings


You had 10 spell levels left.
You knew the following spells:

 Your Spells              Type           Power      Damage    Failure   Level
a - Summon Small Mammal   Summ           100%       N/A       1%          1

Your spell library contained the following spells:

 Spells                   Type           Power      Damage    Failure   Level
 Call Imp                 Summ           50%        N/A       2%          2
 Call Canine Familiar     Summ           25%        N/A       4%          3
 Summon Guardian Golem    Hex/Summ       15%        N/A       12%         3
 Ensorcelled Hibernation  Hex/Ice        10%        N/A       17%         2
 Passwall                 Tmut/Erth      4%         N/A       17%         2
 Swiftness                Air            5%         N/A       32%         3
 Summon Lightning Spire   Summ/Air       15%        N/A       36%         4


Dungeon Overview and Level Annotations

Branches:
Dungeon (2/15)

Altars:

Shops:
D:2 (


Message History

A frilled lizard comes into view.
An endoplasm comes into view.
There are monsters nearby!
You hit the frilled lizard.
You kill the frilled lizard!
You see here a frilled lizard corpse.
Your bat hits the endoplasm.
The endoplasm quivers.
Your bat hits the endoplasm but does no damage.
Your bat hits the endoplasm.
The endoplasm hits your bat but does no damage.
Your bat hits the endoplasm but does no damage.
The endoplasm hits your bat.
You reach to attack!
You barely miss the endoplasm.
The endoplasm is heavily wounded.
Your bat disappears in a puff of smoke!
You hit the endoplasm.
The endoplasm is severely wounded.
The endoplasm freezes you.
You are frozen.
Your rat bites the endoplasm.
The endoplasm dies!
No target in view! 2 gnolls come into view.
The gnoll shouts!
You hear an angry hiss.
Your rat disappears in a puff of smoke!
A gnoll comes into view. It is wielding a +0 halberd.
You reach to attack!
You barely miss the gnoll.
The gnoll shouts!
The gnoll misses you.
The gnoll hits you from afar with a +0 halberd.
The gnoll barely misses you.
Your quokka barely misses the gnoll.
You hit the gnoll but do no damage. The gnoll misses you.
The gnoll hits you with a +0 club.
Your quokka barely misses the gnoll.
Your quokka bites the gnoll.
You hit the gnoll.
The gnoll is moderately wounded.
The gnoll hits you from afar with a +0 halberd.
* * * LOW HITPOINT WARNING * * *
The gnoll hits you with a +0 club.
You die... ..............# .#............# ..##.##........# ##...............# .. ######.#......# ###. #.##.....# gg.

#.##.....#
#.#######.##.....#
#g@....†..##.....#
......rr......<##...).#
#################.....#
#######


You could see 3 gnolls and 2 friendly quokkas.

Vanquished Creatures
  An adder (D:2)
  A dart slug (D:2)
  6 bats
  A hobgoblin (D:1)
  2 kobolds
  2 quokkas
  A ball python (D:1)
  4 frilled lizards
  A rat (D:1)
19 creatures vanquished.

Vanquished Creatures (collateral kills)
  An adder (D:2)
  A dart slug (D:2)
  2 endoplasms (D:2)
  4 hobgoblins
  A frilled lizard (D:2)
  A goblin (D:2)
  A rat (D:2)
11 creatures vanquished.

Grand Total: 30 creatures vanquished

Notes
Turn   | Place    | Note
-------+----------+-------------------------------------------
     0 | D:1      | DApurpleWHUMPUS the Deep Elf Summoner began the quest for
                  | the Orb.
     0 | D:1      | Reached XP level 1. HP: 10/10 MP: 6/6
   388 | D:1      | Reached XP level 2. HP: 15/15 MP: 8/8
   840 | D:2      | Found Sitynn's Weapon Shop.
   858 | D:2      | Reached XP level 3. HP: 10/19 MP: 10/10
  1345 | D:2      | Slain by a gnoll

Illustrated notes

Levels and vault maps discovered:
D:1:      amcnicky_arrival_single_pillar, layout_basic,
          corexii_leaking_fountain, grunt_decor_arrowhead, minmay_box_of_dots
D:2:      minmay_skewed_foursquare, layout_basic, serial_shops,
          nicolae_shop_getting_attention

Skill      XL: |  1  2 |
---------------+-------+-----
Spellcasting   | 4 |  4.9
Dodging        | |  2.4
Stealth        | |  2.4
Summonings     | |  4.9

Action                     || total
---------------------------++-------
  Melee: Spear             ||    92
         Unarmed           ||     3
   Cast: Summon Small Mamm ||    33
   Stab: Sleeping          ||     8
 Armour: Robe              ||    39
  Dodge: Dodged            ||    51

Table legend: (Time is in decaauts)
 A = Elapsed time spent in this place.
 B = Non-inter-level travel time spent in this place.
 C = Inter-level travel time spent in this place.
 D = Time resting spent in this place.
 E = Time spent auto-exploring this place.
 F = Levels seen in this place.
 G = Mean time per level.
                   A        B        C        D        E       F      G
               +--------+--------+--------+--------+--------+-----+--------+
         Total |   1353 |   1307 |     46 |    131 |    885 |   2 |  676.5 |
       Dungeon |   1353 |   1307 |     46 |    131 |    885 |   2 |  676.5 |
               +--------+--------+--------+--------+--------+-----+--------+

Top non-repeatable levels by time:
     D:1: 746 daAuts
     D:2: 606 daAuts
